 Dungeon Crawl Stone Soup version 0.22-a0-197-g4ac3794 (webtiles) character file.

158 Gorglomux the Ruffian (level 5, -1/41 HPs)
             Began as a Mummy Monk on Feb 18, 2018.
             Slain by a worker ant (5 damage)
             ... on level 4 of the Dungeon.
             The game lasted 00:06:00 (6283 turns).

Gorglomux the Ruffian (Mummy Monk)                  Turns: 6283, Time: 00:06:01

Health: -1/41      AC:  0    Str: 16    XL:     5   Next: 16%
Magic:  5/5        EV: 13    Int:  9    God:
Gold:   216        SH:  0    Dex: 14    Spells: 4/4 levels left

rFire    x . .     SeeInvis .     - Unarmed
rCold    + . .     Gourm    .   (no shield)
rNeg     + + +     Faith    .   (no armour)
rPois    ∞         Spirit   .   (no helmet)
rElec    .         Reflect  .   (no cloak)
rCorr    .         Harm     .   (no gloves)
MR       .....                  (no boots)
Stlth    ++........             (no amulet)
HPRegen  0.13/turn              (no ring)
MPRegen  0.09/turn              (no ring)

@: no status effects
A: no food or potions, fire vulnerability, cold resistance 1, negative energy
resistance 3, torment resistance, unbreathing
a: no special abilities


You were on level 4 of the Dungeon.
You were not hungry.

You visited 1 branch of the dungeon, and saw 4 of its levels.

You collected 216 gold pieces.

Inventory:

Armour
 J - a +0 shield
Wands
 I - a wand of iceblast (6)
Scrolls
 c - 2 scrolls of random uselessness (quivered) {scroll of random mummy}
 d - a scroll of remove curse
 B - a scroll of blinking
 R - 4 scrolls of identify
 T - 2 scrolls of teleportation


   Skills:
 - Level 3.0 Fighting
 - Level 2.4 Dodging
 - Level 1.5 Stealth
 + Level 4.9 Unarmed Combat


You had 4 spell levels left.
You didn't know any spells.

Dungeon Overview and Level Annotations

Branches:
Dungeon (4/15)
 Temple: D:4-7

Altars:
Kikubaaqudgha
Sif Muna
Yredelemnul

Annotations:
D:3 anet's ghost, amateur DEWz


Innate Abilities, Weirdness & Mutations

You do not eat or drink.
Your flesh is vulnerable to fire.
You are immune to poison.
Your flesh is cold resistant. (rC+)
You are immune to negative energy. (rN+++)
You are immune to unholy pain and torment.
You can survive without breathing.


Message History

The worker butt is butt-ly wounded!
The butt ant barely misses you!
You barely miss the worker ant!
The worker ant is severely wounded!
The worker ant bites butt!
You squash the worker butt but do no damage!
The worker butt is heavily wounded!
The worker ant bites you!!!
You closely butts the worker butt!
The worker ant is heavily wounded!
The worker ant bites you!!! * * * don't die
* * * You squash the worker ant but do no damage!
The worker ant is heavily butt!
The worker ant bites you!!! * * * don't die
* * * You closely miss the worker ant!
The worker butt is heavily wounded!
The worker ant bites you! rip

#.# # #.# #.#
###.###
#.....#
#.....#
#.....#
#.....#####...
#.....@a....#
#.!...#######
#.....#
#.....#
#.....#
#######


You could see a worker ant.

Vanquished Creatures
  A hound (D:3)
  A howler monkey skeleton (D:3)
  6 adders
  An ooze (D:2)
  3 worms
  A dart slug (D:3)
  3 leopard geckos
  An orc (D:3)
  A ball python (D:2)
  A bat (D:3)
  3 giant cockroaches
  2 goblins
  5 hobgoblins (D:3)
  2 jackals
  5 kobolds
  2 quokkas (D:2)
  3 frilled lizards
  2 gnoll zombies (D:3)
  7 rats
50 creatures vanquished.

Notes
Turn   | Place    | Note
-------+----------+-------------------------------------------
     0 | D:1      | Gorglomux the Mummy Monk began the quest for the Orb.
     0 | D:1      | Reached XP level 1. HP: 18/18 MP: 1/1
   491 | D:1      | Reached XP level 2. HP: 23/24 MP: 2/2
   501 | D:1      | Reached skill level 3 in Unarmed Combat
  1064 | D:2      | Reached XP level 3. HP: 17/29 MP: 3/3
  1243 | D:2      | Found a deep blue altar of Sif Muna.
  3007 | D:2      | Found a deep blue altar of Sif Muna.
  3732 | D:3      | Reached skill level 4 in Unarmed Combat
  3830 | D:3      | Found a basalt altar of Yredelemnul.
  4096 | D:3      | Reached XP level 4. HP: 24/35 MP: 4/4
  4477 | D:3      | Noticed anet's ghost (amateur DEWz)
  4909 | D:3      | Found an ancient bone altar of Kikubaaqudgha.
  5799 | D:3      | Reached XP level 5. HP: 39/41 MP: 5/5
  6283 | D:4      | Slain by a worker ant

Vault maps used:
D:1:      eino_arrival_druids_welcome
D:2:      serial_forest, infiniplex_forest_clump_medium,
          infiniplex_forest_end_3, infiniplex_forest_lined_room_2,
          infiniplex_forest_lined_room_2, infiniplex_forest_clump_large,
          infiniplex_forest_clump_medium, infiniplex_forest_lined_room_2,
          infiniplex_forest_lined_3, infiniplex_forest_lined_1,
          lemuel_blue_sif_altar
D:3:      nicolae_overflow_crystal_walls, lemuel_zombie_altar_yredelemnul,
          first_ration, minmay_misc_feat_ornament

Skill      XL: |  1  2  3 |
---------------+----------+-----
Unarmed Combat | 3 4 |  4.9
Fighting       | |  3.0
Dodging        | |  2.4
Stealth        | |  1.5

Action                   |  1- 3 |  4- 6 || total
-------------------------+-------+-------++-------
Melee: Unarmed           |   163 |   117 ||   280
       Punch             |       |     2 ||     2
  Use: Scroll            |       |     5 ||     5
 Stab: Sleeping          |     5 |     2 ||     7
Armor: Robe              |     4 |       ||     4
Dodge: Dodged            |   104 |    75 ||   179

Table legend:
 A = Spawn XP
 B = Non-spawn XP
 C = Spawn XP percentage of total XP
 D = Spawn monster count
 E = Non-spawn monster count
 F = Spawn count percentage of total count
 G = Total turns spent on level
                    A         B        C        D         E        F      G
               +---------+---------+-------+---------+---------+-------+---------
         Total |       0 |     227 |   0.0 |       0 |      50 |   0.0 |  6283
               +---------+---------+-------+---------+---------+-------+---------
           D:1 |       0 |      17 |   0.0 |       0 |      12 |   0.0 |   754
           D:2 |       0 |      67 |   0.0 |       0 |      13 |   0.0 |  3395
           D:3 |       0 |     102 |   0.0 |       0 |      19 |   0.0 |  1825
           D:4 |       0 |      41 |   0.0 |       0 |       6 |   0.0 |   309
               +---------+---------+-------+---------+---------+-------+---------
